 Dungeon Crawl Stone Soup version 0.27.0-1-g7a08968 (webtiles) character file.

Game seed: 9971855046384442710

44 NeededCrab the Poker (level 3, 0/27 HPs)
             Began as a Merfolk Gladiator on Oct 14, 2021.
             Was an Initiate of Okawaru.
             Slain by Ijyb (1 damage)
             ... on level 3 of the Dungeon.
             The game lasted 00:03:42 (1788 turns).

NeededCrab the Poker (Merfolk Gladiator)            Turns: 1788, Time: 00:03:42

Health: 0/27       AC:  3    Str: 15    XL:     3   Next: 62%
Magic:  3/3        EV: 11    Int:  7    God:    Okawaru [......]
Gold:   151        SH:  0    Dex: 15    Spells: 2/2 levels left

rFire    . . .     SeeInvis .   a - +0 trident
rCold    . . .     Faith    .   (no shield)
rNeg     . . .     Spirit   .   g - +0 scale mail
rPois    +         Reflect  .   c - +0 helmet
rElec    .         Harm     .   (no cloak)
rCorr    .         Rampage  .   (no gloves)
Will     .....                  (no boots)
Stlth    ..........             (no amulet)
HPRegen  0.09/turn              b - ring of poison resistance
MPRegen  0.08/turn              (no ring)

@: corroded
A: (nimble swimmer 2), mertail
a: Renounce Religion


You were on level 3 of the Dungeon.
You worshipped Okawaru.
Okawaru was noncommittal.
You visited 1 branch of the dungeon, and saw 3 of its levels.

You collected 151 gold pieces.

Inventory:

Hand Weapons
 a - a +0 trident (weapon)
Missiles
 d - 3 throwing nets (quivered)
Armour
 c - a +0 helmet (worn)
 g - a +0 scale mail (worn)
 i - a +0 plate armour
 k - a +0 chain mail
Jewellery
 b - a ring of poison resistance (left hand)
Wands
 j - a wand of mindburst (8)
Scrolls
 f - a scroll of magic mapping {unknown}
 h - 2 scrolls of teleportation {unknown}
 l - 2 scrolls of identify {unknown}
Potions
 e - a potion of curing {unknown}


   Skills:
 - Level 2.2 Fighting
 * Level 5.4 Polearms
 - Level 2.0 Throwing
 + Level 0.7 Armour
 + Level 4.4 Dodging
 + Level 1.2 Invocations


You had 2 spell levels left.
You didn't know any spells.
Your spell library was empty.

Dungeon Overview and Level Annotations

Branches:
Dungeon (3/15)

Altars:
Okawaru

Shops:
D:1 (

Annotations:
D:3 Ijyb


Innate Abilities, Weirdness & Mutations

((You are quick and stealthy near water. (Stealth+, EV+, Speed+++)))
Your lower body shifts to a powerful aquatic tail in water.


Message History

You reach to attack!
You puncture the goblin!
You kill the goblin!
Okawaru accepts your kill.
Things that are here:
a +0 dagger; a goblin corpse You now have 151 gold pieces (gained 14).
Ijyb the Twisted Goblin comes into view.
She is wielding a +0 club and carrying a wand of acid (6).
Ijyb shouts!
A bat comes into view.
Ijyb zaps a wand.
The bolt of acid misses you.
You miss Ijyb. The bat hits you but does no damage.
Ijyb hits you but does no damage.
You barely miss Ijyb. The bat barely misses you.
Ijyb hits you but does no damage. The bat closely misses you.
You hit Ijyb.
Ijyb is lightly wounded.
The bat closely misses you.
Ijyb screams, "Get away!"
Ijyb zaps a wand.
The bolt of acid hits you! The acid corrodes you!
You are splashed with acid!
* * * LOW HITPOINT WARNING * * *
You hit Ijyb but do no damage.
Ijyb is lightly wounded.
The bat hits you.
* * * LOW HITPOINT WARNING * * *
Ijyb misses you.
You barely miss Ijyb.
Ijyb is lightly wounded.
The bat closely misses you.
Ijyb screams, "Get away!"
Ijyb hits you but does no damage.
You closely miss Ijyb.
Ijyb is lightly wounded.
The bat barely misses you.
Ijyb zaps a wand.
The bolt of acid misses you.
You closely miss Ijyb.
Ijyb is lightly wounded.
The bat hits you but does no damage. Ijyb screams, "I cut your head off!"
Ijyb hits you with a +0 club.
You die...

###...#####
..........###...........
####).###...............
.<.....................#
#.#....#(..............#
#.#....#..###..........#
#.#....#..# #..........+
#.#....#..# #..........#
#.#...#...# #.b.@g.....#
#.#......####.##########
#.....#.......#
###...........#
#.#.##.####.#
...#.##.####.#
#####.........#
##########


You could see Ijyb and a bat.

Vanquished Creatures
  Terence (D:2)
  2 endoplasms
  A giant cockroach (D:2)
  2 quokkas (D:2)
  A ball python (D:2)
  2 bats
  5 goblins
  3 kobolds
  3 rats
20 creatures vanquished.

Notes
Turn   | Place    | Note
-------+----------+-------------------------------------------
     0 | D:1      | NeededCrab the Merfolk Gladiator began the quest for the
                  | Orb.
     0 | D:1      | Reached XP level 1. HP: 16/16 MP: 1/1
   201 | D:1      | Found a faded altar of an unknown god.
   209 | D:1      | Became a worshipper of Warmaster Okawaru
   209 | D:1      | Reached * piety under Okawaru
   329 | D:1      | Found Cihaonagg's Weapon Shop.
  1127 | D:2      | Reached XP level 2. HP: 22/22 MP: 2/2
  1136 | D:2      | Noticed Terence
  1166 | D:2      | HP: 1/22 [Terence (6)]
  1168 | D:2      | Killed Terence
  1169 | D:2      | Reached skill level 5 in Polearms
  1169 | D:2      | Reached skill level 1 in Invocations
  1169 | D:2      | Reached XP level 3. HP: 1/27 MP: 3/3
  1778 | D:3      | Noticed Ijyb
  1785 | D:3      | HP: 1/27 [bat (1)]
  1788 | D:3      | Slain by Ijyb

Illustrated notes

Levels and vault maps discovered:
D:1:      psy_arrival_fountain, layout_basic, shapermc_ecumenical_altar_pompeii,
          serial_shops, shop
D:2:      layout_basic, uniq_terence
D:3:      layout_basic, uniq_ijyb

Skill      XL: |  1  2 |
---------------+-------+-----
Polearms       | 5 |  5.4
Invocations    | 1 |  1.2
Fighting       | |  2.2
Throwing       | |  2.0
Armour         | |  0.7
Dodging        | |  4.4

Action                   || total
-------------------------++-------
Melee: Trident           ||    73
Armor: Scale mail        ||    26
Dodge: Dodged            ||    33
